 Dungeon Crawl Stone Soup version 0.28-a0-973-ga7f8b01127 (webtiles) character file.

Game seed: 10973878349427126913

270 browni3141 the Slasher (level 6, -6/1 (47) HPs)
             Began as a Barachi Monk on Dec 2, 2021.
             Was a Believer of Cheibriados.
             Mangled by a phantom (7 damage)
             ... on level 4 of the Dungeon.
             The game lasted 00:09:40 (4522 turns).

browni3141 the Slasher (Barachi Monk)               Turns: 4522, Time: 00:09:41

HP:   -6/1 (47)     AC:  3    Str: 16    XL:     6   Next: 22%
MP:   4/6           EV: 14    Int: 14    God:    Cheibriados [**....]
Gold: 87            SH:  0    Dex: 21    Spells: 5/5 levels left

rFire   . . .      SeeInvis .   a - +0 falchion
rCold   . . .      Faith    .   (no shield)
rNeg    . . .      Spirit   .   b - +0 robe
rPois   +          Reflect  .   j - +0 helmet
rElec   .          Harm     .   f - scarf {+Inv}
rCorr   .          Rampage  .   (no gloves)
Will    .....                   (no boots)
Stlth   ++........              (no amulet)
HPRegen 0.01/turn               l - ring of poison resistance
MPRegen 0.10/turn               (no ring)

@: unable to hop, very slightly contaminated, extremely drained, invisible, very
slow
A: amphibious, slowness 1, strong legs 1, +LOS
a: Hop, Renounce Religion, Evoke Invisibility, Bend Time


You were on level 4 of the Dungeon.
You worshipped Cheibriados.
Cheibriados was pleased with you.
You visited 2 branches of the dungeon, and saw 5 of its levels.

You collected 87 gold pieces.

Inventory:

Hand Weapons
 a - a +0 falchion (weapon)
 m - a +1 short sword of venom
 n - a +0 shortbow
Missiles
 d - 69 arrows
 e - 10 poisoned darts (quivered)
 k - 12 bolts
Armour
 b - a +0 robe (worn)
 f - a scarf of invisibility (worn)
 j - a +0 helmet (worn)
 o - a +0 chain mail
Jewellery
 l - a ring of poison resistance (left hand)
Scrolls
 g - 2 scrolls of blinking
 h - a scroll of torment
 i - a scroll of brand weapon
Potions
 c - 2 potions of brilliance


   Skills:
 - Level 3.6 Fighting
 * Level 6.4 Long Blades
 * Level 3.1 Throwing
 * Level 0.0 Armour
 * Level 3.3 Dodging
 - Level 1.7 Stealth
 * Level 2.1 Evocations


You had 5 spell levels left.
You didn't know any spells.
Your spell library contained the following spells:

 Spells                   Type           Power      Damage    Failure   Level
 Sandblast                Erth           0%         2d4       28%         1
 Passwall                 Tmut/Erth      0%         N/A       41%         2
 Stone Arrow              Conj/Erth      0%         3d7       65%         3


Dungeon Overview and Level Annotations

Branches:
Dungeon (4/15)             Temple (1/1) D:4

Altars:
Ashenzari
Cheibriados
Dithmenos
Fedhas
Gozag
Hepliaklqana
Kikubaaqudgha
Makhleb
Nemelex Xobeh
Qazlal
Ru
Sif Muna
Trog
Uskayaw
Vehumet
Xom
Yredelemnul
The Shining One


Innate Abilities, Weirdness & Mutations

You are amphibious.
You cover ground slowly.
You can hop short distances.
You have an extended range of vision and can be seen from far away.


Message History

The phantom is heavily damaged.
The phantom closely misses you.
You catch the helpless phantom completely off-guard!
You hit the phantom.
The phantom is severely damaged.
You barely miss the phantom.
The phantom is severely damaged.
You strike the helpless phantom from behind!
You hit the phantom but do no damage.
The phantom is severely damaged.
You flicker back into view.
The phantom closely misses you.
You hit the phantom but do no damage.
The phantom is severely damaged.
The phantom barely misses you.
You closely miss the phantom.
The phantom is severely damaged.
The phantom hits you.
You feel drained.
You fail to use your ability.
The phantom hits you but does no damage.
You feel drained.
You fail to use your ability.
The phantom barely misses you.
You feel drained.
You fail to use your ability.
The phantom hits you.
The phantom blinks!
You blink.
You feel drained.
You fail to use your ability.
The phantom barely misses you.
You feel drained.
You fail to use your ability.
The phantom hits you but does no damage.
You feel drained.
You fail to use your ability.
The phantom closely misses you.
You feel drained.
You fail to use your ability.
The phantom barely misses you.
You feel drained.
You fail to use your ability.
The phantom misses you.
You feel drained.
You fail to use your ability.
The phantom barely misses you.
You feel drained.
You fade into invisibility!
The phantom misses you.
Hop to where?
Press: ? - help, Dir - move target Boing!
You see here a +0 mace.
The phantom hits you!
Ouch! That really hurt!
You die...

#......# #......# #......#
#......# #.<....# #......#
#.###### #......## #.....$#
#.......########.#
.###...)W@.>..(....######.
#........>.............<...
########$.:.......########.
#..........# #..........#
#..........# #.?........#
#..........# #..........#


You could see a phantom.

Vanquished Creatures
  A centaur (D:3)
  Ijyb (D:3)
  Terence (D:3)
  6 adders
  An adder skeleton (D:4)
  A worm (D:2)
  2 dart slugs
  2 orcs (D:3)
  4 bats
  3 endoplasms
  6 giant cockroaches
  5 goblins
  3 hobgoblins
  6 jackals
  9 kobolds
  6 quokkas
  4 ball pythons
  5 frilled lizards
  9 rats
75 creatures vanquished.

Notes
Turn   | Place    | Note
-------+----------+-------------------------------------------
     0 | D:1      | browni3141 the Barachi Monk began the quest for the Orb.
     0 | D:1      | Reached XP level 1. HP: 18/18 MP: 1/1
    79 | D:1      | Found a faded altar of an unknown god.
    82 | D:1      | Reached skill level 4 in Long Blades
   110 | D:1      | Reached XP level 2. HP: 24/24 MP: 2/2
   780 | D:1      | Reached XP level 3. HP: 29/29 MP: 3/3
   799 | D:1      | Reached skill level 5 in Long Blades
  1486 | D:2      | Reached skill level 1 in Throwing
  1679 | D:2      | Reached XP level 4. HP: 36/36 MP: 4/4
  2490 | D:4      | Noticed a phantom
  2788 | D:3      | Noticed Ijyb
  2817 | D:3      | HP: 1/36 [kobold/stone (1)]
  3219 | D:3      | Reached XP level 5. HP: 41/41 MP: 5/5
  3308 | D:3      | Noticed a centaur
  3344 | D:3      | Killed Ijyb
  3345 | D:3      | Reached skill level 6 in Long Blades
  3724 | D:3      | Reached skill level 1 in Evocations
  3822 | D:3      | Noticed Terence
  3833 | D:3      | Killed Terence
  3886 | D:3      | Killed a centaur
  3887 | D:3      | Reached XP level 6. HP: 31/47 MP: 6/6
  4350 | D:4      | Found a staircase to the Ecumenical Temple.
  4360 | Temple   | Entered the Ecumenical Temple
  4454 | Temple   | Became a worshipper of Cheibriados the Contemplative
  4454 | Temple   | Reached * piety under Cheibriados
  4454 | Temple   | Reached ** piety under Cheibriados
  4522 | D:4      | Mangled by a phantom

Illustrated notes

Levels and vault maps discovered:
D:1:      lemuel_arrival_river_bridge, layout_basic, basic_ecumenical_altar
D:2:      layout_basic, grunt_decor_junction
D:3:      layout_rooms, uniq_terence, uniq_ijyb
D:4:      minmay_diamond_boxcup, layout_basic, minmay_temple_entry_offerings
Temple:   kilobyte_greek_temple

Skill      XL: |  1  2  3  4  5 |
---------------+----------------+-----
Long Blades    | 4 5 6 |  6.4
Throwing       | 1 2 3 |  3.1
Evocations     | 2 |  2.1
Fighting       | |  3.6
Dodging        | |  3.3
Stealth        | |  1.7

Action                   |  1- 3 |  4- 6 || total
-------------------------+-------+-------++-------
Melee: Falchion          |   107 |   179 ||   286
       Short sword       |       |     6 ||     6
Throw: Dart              |     6 |    32 ||    38
 Abil: Hop               |     2 |     5 ||     7
       Evoke Invisibilit |       |     3 ||     3
  Use: Scroll            |       |     6 ||     6
 Stab: Sleeping          |     4 |     5 ||     9
       Invisible         |       |     8 ||     8
Armor: Robe              |    15 |    38 ||    53
Dodge: Dodged            |    74 |   139 ||   213

Table legend: (Time is in decaauts)
 A = Elapsed time spent in this place.
 B = Non-inter-level travel time spent in this place.
 C = Inter-level travel time spent in this place.
 D = Time resting spent in this place.
 E = Time spent auto-exploring this place.
 F = Levels seen in this place.
 G = Mean time per level.
                   A        B        C        D        E       F      G
               +--------+--------+--------+--------+--------+-----+--------+
         Total |   4994 |   4761 |    233 |    749 |   3043 |   5 |  998.8 |
       Dungeon |   4826 |   4630 |    196 |    749 |   2937 |   4 | 1206.5 |
        Temple |    168 |    132 |     36 |      0 |    105 |   1 |  168.0 |
               +--------+--------+--------+--------+--------+-----+--------+

Top non-repeatable levels by time:
     D:1: 1625 daAuts
     D:3: 1591 daAuts
     D:2: 1420 daAuts
     D:4: 188 daAuts
  Temple: 168 daAuts
